 Dungeon Crawl Stone Soup version 0.17-a0-1651-gae1a69f (webtiles) character file.

84 gonzalo the Chopper (level 4, -3/35 HPs)
             Began as a Merfolk Berserker on Aug 15, 2015.
             Was a Believer of Trog.
             Killed from afar by Sigmund (11 damage)
             ... with a puff of flame
             ... on level 2 of the Dungeon.
             The game lasted 00:07:39 (1564 turns).

gonzalo the Chopper (Merfolk Berserker)             Turns: 1564, Time: 00:07:39

Health: -3/35      AC:  9    Str: 18    XL:     4   Next: 45%
Magic:  4/4        EV:  8    Int:  6    God:    Trog [**....]
Gold:   116        SH:  0    Dex: 13    Spells: 0 memorised, 3 levels left

rFire  . . .     SeeInvis .     a - +0 hand axe
rCold  . . .     Clarity  .     k - +0 chain mail
rNeg   . . .     SustAt   .     (no shield)
rPois  .         Gourm    .     (no helmet)
rElec  .         Spirit   .     (no cloak)
rCorr  .         Warding  .     (no gloves)
rMut   .         Stasis   .     o - +0 pair of boots
MR     .....                    (no amulet)
Stlth  ..........               (no ring)
                                (no ring)

@: not resistant to hostile enchantments, extremely unstealthy
A: change form in water, swift swim
a: Burn Spellbooks, Berserk, Trog's Hand, Renounce Religion


You were on level 2 of the Dungeon.
You worshipped Trog.
Trog was pleased with you.
You were full.

You visited 1 branch of the dungeon, and saw 3 of its levels.

You collected 116 gold pieces.

Inventory:

Hand weapons
 a - a +0 hand axe (weapon)
Armour
 b - a +0 animal skin
 k - a +0 chain mail (worn)
 o - a +0 pair of boots (worn)
Jewellery
 i - an uncursed amulet of resist corrosion {unknown}
Magical devices
 m - a wand of polymorph (8)
Scrolls
 g - 3 scrolls of identify {unknown}
 j - a scroll of blinking {unknown}
 n - a scroll of teleportation {unknown}
Potions
 d - a potion of cancellation {unknown}
 e - a potion of lignification {unknown}
 f - a potion of flight {unknown}
 h - 3 potions of might {unknown}
 l - a potion of agility {unknown}
 p - a potion of brilliance {unknown}
 q - a potion of degeneration {unknown}
Comestibles
 c - 2 bread rations


   Skills:
 - Level 3.2 Fighting
 * Level 4.2 Axes
 - Level 1.3 Armour
 - Level 2.6 Dodging


You had 3 spell levels left.
You didn't know any spells.

Dungeon Overview and Level Annotations

Branches:
Dungeon (3/15)

Altars:
Dithmenos

Annotations:
D:2 Sigmund


Message History

Sigmund freezes you. The goblin barely misses you.
You hit Sigmund.
Sigmund is lightly wounded.
You closely miss the goblin. The goblin hits you but does no damage.
Sigmund barely misses you.
You closely miss Sigmund.
Sigmund is lightly wounded.
You barely miss the goblin. The goblin closely misses you.
Sigmund mumbles some strange words.
Sigmund flickers and vanishes!
Deactivating autopickup; reactivate with Ctrl-A.
You feel less confused. Something completely misses you.
The goblin hits you but does no damage. Something hits you!
* * * LOW HITPOINT WARNING * * *
Something freezes you.
* * * LOW HITPOINT WARNING * * *
A puff of flame appears from out of thin air!
The puff of flame hits you!
You die...

.....##...# #....# #......#...#.
####.##...# #....# ########...#.
####.##...####....# #...##
#.....'...'..+....# #†..##
#.###.#...####....##########.)...
..(.........................†....
..###.##########.############....
..###.# #.# #...# ..#...# #@#
#...# ..##.## #.######## #...#
.....# ###g.......# #...# †#####
#.......=..# #...# .#
#....{.....# ##... .#
#..........# .# ###........# ..#
#......?.# ..#### #..........


You could see a goblin.

Vanquished Creatures
  Natasha (D:2)
  2 adders (D:2)
  An ooze (D:1)
  A worm (D:2)
  A ball python (D:1)
  2 giant cockroaches (D:2)
  7 goblins
  6 hobgoblins
  2 kobolds
  4 bats
  3 giant newts (D:2)
  6 rats
36 creatures vanquished.

Notes
Turn   | Place    | Note
--------------------------------------------------------------
     0 | D:1      | gonzalo the Merfolk Berserker began the quest for the Orb.
     0 | D:1      | Reached XP level 1. HP: 18/18 MP: 1/1
   536 | D:1      | Reached XP level 2. HP: 17/24 MP: 2/2
   790 | D:2      | Reached XP level 3. HP: 27/29 MP: 3/3
   908 | D:2      | Found a shadowy altar of Dithmenos.
   912 | D:2      | Acquired Trog's second power
  1067 | D:2      | Noticed Natasha
  1393 | D:2      | Killed Natasha
  1393 | D:2      | Reached skill level 4 in Axes
  1393 | D:2      | Reached XP level 4. HP: 26/35 MP: 4/4
  1549 | D:2      | Noticed Sigmund
  1564 | D:2      | Killed from afar by Sigmund

Vault maps used:
D:1:      tarquinn_simple_flora_water_d
D:2:      grunt_dithmenos_smoke, uniq_natasha, uniq_sigmund
D:3:      forest_paths, lightli_temple_of_fire, minitemple, first_bread,
          uniq_iyjb

Action                   |  1- 3 |  4- 6 || total
-------------------------+-------+-------++-------
Melee: Hand axe          |   100 |    15 ||   115
 Stab: Sleeping          |     3 |       ||     3
  Eat: Meat ration       |     1 |       ||     1
       Beef jerky        |     1 |       ||     1
